 Dungeon Crawl Stone Soup version 0.31-a0-1606-g60c5cc7444 (webtiles) character file.

Game seed: 14639073909683685946

455 ArtD the Trooper (level 6, -6/67 HPs)
             Began as a Troll Berserker on Jan 8, 2024.
             Was an Elder of Jiyva.
             Mangled by a black bear (11 damage)
             ... created by the rage of Trog
             ... on level 6 of the Dungeon.
             The game lasted 00:36:11 (4386 turns).

ArtD the Trooper (Troll Berserker)                  Turns: 4386, Time: 00:36:14

Health: -6/67      AC:  6    Str: 28    XL:     6   Next: 76%
Magic:  0/5        EV:  7    Int:  3    God:    Jiyva [****..]
Gold:   81         SH: 10    Dex:  9    Spells: 5/5 levels left

rFire   . . .        i - +3 flail (holy)
rCold   + + +        n - +0 tower shield
rNeg    . . .        b - +1 animal skin
rPois   .            c - +1 hat
rElec   .            (no cloak)
rCorr   +            (gloves unavailable)
SInv    .            (boots unavailable)
Will    .....        m - amulet of guardian spirit
Stlth   +            (no ring)
HPRegen 2.39/turn    (no ring)
MPRegen 0.73/turn

%: guardian spirit
@: no status effects
A: large, unfitting armour, claws 3, regeneration 1, shaggy fur 1, tough skin 1,
cold resistance 3, robust 1
a: Renounce Religion, Oozemancy, Slimify


You were on level 6 of the Dungeon.
You worshipped Jiyva.
Jiyva was greatly pleased with you.
You visited 1 branch of the dungeon, and saw 6 of its levels.
You also visited: Sewer.

You collected 126 gold pieces.
You spent 45 gold pieces at shops.

Inventory:

Hand Weapons
 a - a +0 hand axe
 i - a +3 flail of holy wrath (weapon)
Missiles
 d - 30 stones (quivered)
 f - 4 poisoned darts
Armour
 b - a +1 animal skin (worn)
 c - a +1 hat (worn)
 n - a +0 tower shield (worn)
Jewellery
 m - an amulet of guardian spirit (around neck)
Talismans
 j - a blade talisman
Scrolls
 o - a scroll of identify
 r - 2 scrolls of silence
Potions
 e - 4 potions of might {unknown}
 g - 2 potions of curing
 h - 2 potions of enlightenment {unknown}
 l - a potion of brilliance {unknown}
 p - 2 potions of lignification {unknown}
 q - a potion of degeneration {unknown}


   Skills:
 + Level 3.5 Fighting
 + Level 3.0(3.6) Axes
 + Level 3.3(4.1) Maces & Flails
 + Level 0.1 Throwing
 + Level 3.5 Dodging
 + Level 0.5 Stealth
 + Level 1.8 Shields
 + Level 0.1 Unarmed Combat


You had 5 spell levels left.
You didn't know any spells.
Your spell library was empty.

Dungeon Overview and Level Annotations

Branches:
Dungeon (5/15)             Temple (0/1) D:5           Sewer (visited)

Altars:
Ashenzari
Cheibriados
Fedhas
Okawaru
Qazlal
Sif Muna
Trog
Vehumet
Xom
The Shining One
Jiyva

Shops:
D:2 *


Innate Abilities, Weirdness & Mutations

You are too large for most types of armour.
You have claws for hands.
Your natural rate of healing is unusually fast.
You are covered in fur. (AC +1)
You have tough skin. (AC +1)
Your flesh is almost immune to the effects of cold. (rC+++)
You are robust. (+10% HP)


Message History

The black bear is moderately wounded.
The black bear bites you!
The black bear claws you but does no damage. x2
You block the black bear's attack. The black bear claws you.
The black bear claws you but does no damage.
The black bear bites you. You block the black bear's attack.
The black bear barely misses you. You block the black bear's attack. x2
The black bear claws you.
The black bear bites you but does no damage.
The black bear claws you but does no damage.
The black bear claws you.
The black bear bites you but does no damage.
The black bear closely misses you. The black bear claws you.
You hit the black bear.
The black bear is moderately wounded.
You block the black bear's attack. The black bear closely misses you.
The black bear claws you but does no damage.
The black bear closely misses you.
The black bear claws you but does no damage.
The black bear claws you. The black bear bites you!
The black bear claws you but does no damage.
The black bear claws you. The black bear bites you.
You block the black bear's attack.
The black bear claws you but does no damage.
You block the black bear's attack. The black bear barely misses you.
You block the black bear's attack. The black bear bites you!
* * * LOW HITPOINT WARNING * * *
The black bear claws you but does no damage.
The black bear claws you.
* * * LOW HITPOINT WARNING * * *
Unknown command.
Unknown command.
You sock the black bear!
The black bear is heavily wounded.
The black bear bites you!
* * * LOW HITPOINT WARNING * * *
You block the black bear's attack. The black bear claws you.
* * * LOW HITPOINT WARNING * * *
The black bear bites you!
You die...

#. #. .. # .# #.
.# # #.###.##.#
#....h...#
##..@.#
#..hh######
##........##
##J..._...##
#......_..#
########....#
##.....###._.#+#
##...8...#....#.#
#.._...8..._..#)#


You could see 3 black bears and a neutral jelly (wandering) (fellow slime).

Vanquished Creatures
  An ice beast (D:4)
  An ogre (D:6)
  A scorpion (D:5)
  A howler monkey (D:6)
  A bombardier beetle (D:4)
  Natasha (twice) (D:3)
  An iguana (D:4)
  A gnoll (D:1)
  3 adders
  A river rat (D:3)
  2 dart slugs
  An orc (D:4)
  4 endoplasms (D:1)
  2 giant cockroaches
  10 goblins
  5 hobgoblins
  3 quokkas (D:3)
  4 ball pythons
  4 bats
  3 frilled lizards
  3 kobolds
  10 rats
64 creatures vanquished.

Vanquished Creatures (others)
  A centaur (D:5)
  2 scorpions
  7 jellies
  A bombardier beetle (D:4)
  4 hounds
  A sleepcap (D:4)
  An iguana (D:5)
  An orc wizard (D:4)
  Natasha (D:3)
  3 gnolls (D:4)
  4 adders
  A dart slug (D:4)
  10 orcs
  An endoplasm (D:4)
  A kobold (D:4)
  A rat (D:1)
40 creatures vanquished.

Grand Total: 104 creatures vanquished

Notes
Turn   | Place    | Note
-------+----------+-------------------------------------------
     0 | D:1      | ArtD the Troll Berserker began the quest for the Orb.
     0 | D:1      | Reached XP level 1. HP: 22/22 MP: 0/0
   126 | D:1      | Reached XP level 2. HP: 29/29 MP: 1/1
   432 | D:1      | Reached ** piety under Trog
   433 | D:1      | Reached XP level 3. HP: 35/36 MP: 2/2
   893 | D:2      | Found a faded altar of an unknown god.
   972 | D:2      | Found Qafeni's General Store.
   977 | D:2      | Bought a +0 tower shield for 45 gold pieces
  1867 | D:2      | Prayed at the altar of an unknown god.
  1867 | D:2      | Fell from the grace of Trog
  1867 | D:2      | Became a worshipper of Jiyva Jippoz the Shapeless
  1867 | D:2      | Reached * piety under Jiyva
  2177 | D:3      | Reached XP level 4. HP: 44/44 MP: 3/3
  2179 | D:3      | Reached ** piety under Jiyva
  2381 | D:3      | Found a glowing drain.
  2392 | Sewer    | Entered a sewer
  2558 | D:3      | Killed Natasha
  2778 | D:3      | Noticed Natasha
  2805 | D:3      | Killed Natasha
  2870 | D:3      | Noticed Natasha
  2880 | D:3      | Killed Natasha
  2881 | D:3      | Reached skill level 1 in Maces & Flails
  2972 | D:4      | Reached XP level 5. HP: 13/53 MP: 2/4
  3138 | D:4      | Noticed an ice beast
  3149 | D:4      | Killed an ice beast
  3150 | D:4      | Reached skill level 1 in Shields
  3457 | D:4      | Reached *** piety under Jiyva
  3721 | D:4      | Gained mutation: Your flesh is cold resistant. (rC+)
                  | [Jiyva's grace]
  3721 | D:4      | Gained mutation: Your flesh is very cold resistant. (rC++)
                  | [Jiyva's grace]
  3721 | D:4      | Gained mutation: Your flesh is almost immune to the effects
                  | of cold. (rC+++) [Jiyva's grace]
  3721 | D:4      | Gained mutation: You are robust. (+10% HP) [Jiyva's grace]
  3864 | D:5      | Entered Level 5 of the Dungeon
  3865 | D:5      | Found a staircase to the Ecumenical Temple.
  3910 | D:5      | Reached XP level 6. HP: 67/67 MP: 5/5
  4055 | D:5      | Reached **** piety under Jiyva
  4187 | D:5      | You fall into a shaft and drop 1 floor!
  4205 | D:6      | Identified the +0 robe "Tipummal" {Harm Str-2 Int-2 Stlth+
                  | Archmagi}
  4241 | D:6      | Found a stormy altar of Qazlal.
  4271 | D:6      | Found a blossoming altar of Fedhas.
  4345 | D:6      | Found an iron altar of Okawaru.
  4347 | D:6      | Found a shimmering blue altar of Sif Muna.
  4348 | D:6      | Found a shimmering altar of Xom.
  4352 | D:6      | Found a radiant altar of Vehumet.
  4361 | D:6      | Found a broken altar of Ashenzari.
  4364 | D:6      | Found a snail-covered altar of Cheibriados.
  4366 | D:6      | Found a bloodstained altar of Trog.
  4369 | D:6      | Found a glowing golden altar of the Shining One.
  4386 | D:6      | Mangled by a black bear

Illustrated notes

Levels and vault maps discovered:
D:1:      eino_arrival_cavern_c, layout_loops_ring, chequers_avenue,
          chequers_serial_rivers_marsh, lexackson_kobold_supper
D:2:      layout_loops_ring, serial_shops, shop, nicolae_ecumenical_oubliette
D:3:      layout_loops_ring, gup_sewer_entry_bubbles, grunt_decor_arrowhead,
          kennysheep_crisscross, uniq_natasha
D:4:      layout_loops_corners
D:5:      layout_loops_corners, minmay_temple_entry_grid
D:6:      layout_loops_corners, mainiacjoe_overflow_paths,
          nicolae_overflow_hallway_of_the_gods, lemuel_crystal_altar,
          serial_shops, shop, nicolae_shop_industrial_runoff

Skill      XL: |  1  2  3  4  5  6 |
---------------+-------------------+-----
Axes           | 3 |  3.0
Fighting       | 3 |  3.5
Dodging        | 3 |  3.5
Maces & Flails | 1 2 3 |  3.3
Shields        | 1 |  1.8
Throwing       | |  0.1
Stealth        | |  0.5
Unarmed Combat | |  0.1

Action                     |  1- 3 |  4- 6 || total
---------------------------+-------+-------++-------
  Melee: Hand axe          |    25 |       ||    25
         Flail             |    67 |   104 ||   171
         Unarmed           |     6 |       ||     6
  Throw: Stone             |       |     3 ||     3
    Use: Scroll            |     5 |     6 ||    11
         Potion            |     1 |     1 ||     2
 Armour: Animal skin       |    63 |   124 ||   187
  Dodge: Dodged            |    41 |    38 ||    79
  Block: Tower shield      |    22 |    73 ||    95
         Form:             |     1 |       ||     1
         Blade             |     1 |       ||     1

Table legend: (Time is in decaauts)
 A = Elapsed time spent in this place.
 B = Non-inter-level travel time spent in this place.
 C = Inter-level travel time spent in this place.
 D = Time resting spent in this place.
 E = Time spent auto-exploring this place.
 F = Levels seen in this place.
 G = Mean time per level.
                   A        B        C        D        E       F      G
               +--------+--------+--------+--------+--------+-----+--------+
         Total |   4536 |   4531 |      5 |    428 |      0 |   7 |  648.0 |
       Dungeon |   4531 |   4526 |      5 |    428 |      0 |   6 |  755.2 |
         Sewer |      4 |      4 |      0 |      0 |      0 |   1 |    4.0 |
               +--------+--------+--------+--------+--------+-----+--------+

Top non-repeatable levels by time:
     D:2: 1185 daAuts
     D:3: 1050 daAuts
     D:4: 932 daAuts
     D:1: 783 daAuts
     D:5: 372 daAuts
     D:6: 208 daAuts
   Sewer: 4 daAuts
